Map: Blackpink LE

Players

Giga

  • Race: Zerg Zerg
  • League: Diamond
  • Spawn Location: 7:00

Dessa - Winner!

  • Race: Zerg Zerg
  • League: Diamond
  • Spawn Location: 1:00

VOD

Have the link to the VOD?

Description

Time

  • Played on: Dec. 26, 2017, 2:27 p.m.
  • Length: 10:08
Show
View Real Time Build Order
Export as new Build Order

Giga Zerg 

Build Orders: Hatch First 

Get SALT Encoding   

  12  0:01  Drone  
  13  0:14  Overlord  
  13  0:17  Drone  
  14  0:32  Drone x2  
  16  0:36  Drone  
  17  0:54  Hatchery  
  17  0:56  Drone  
  17  1:00  Extractor  
  16  1:14  Spawning Pool  
  16  1:15  Drone  
  16  1:20  Drone  
  16  1:22  Drone  
  18  1:30  Drone  
  19  1:41  Overlord  
  19  2:01  Queen  
  19  2:03  Metabolic Boost  
  19  2:06  Zergling x4  
  23  2:11  Queen  
  23  2:15  Zergling x2  
  26  2:16  Zergling x2  
  26  2:21  Zergling x2  
  28  2:33  Baneling Nest  
  27  2:44  Overlord  
  27  2:51  Zergling x2  
  27  2:52  Zergling x2  
  29  3:08  Zergling x10  
  34  3:24  Queen x2  
  38  3:31  Baneling  
  38  3:32  Baneling x4  
  38  3:41  Drone  
  38  3:42  Drone x2  
  38  4:02  Drone  
  30  4:03  Drone x6  
  36  4:17  Roach Warren  
  35  4:24  Evolution Chamber  
  35  4:28  Drone x4  
  38  4:35  Drone  
  39  4:42  Zergling x8  
  42  4:53  Drone  
  42  4:55  Drone  
  44  5:06  Baneling x3  
  44  5:22  Overlord x4  
  44  5:25  Extractor  
  44  5:27  Hatchery, Extractor  
  41  5:30  Lair  
  41  5:32  Drone x3  
  44  5:37  Evolution Chamber  
  44  5:39  Evolution Chamber  
  42  5:57  Drone x3  
  42  5:59  Drone x2  
  42  6:00  Drone x4  
  53  6:04  Roach  
  53  6:05  Roach x5  
  53  6:10  Zerg Missile Weapons Level 1  
  63  6:18  Zerg Ground Armor Level 1  
  63  6:23  Drone  
  64  6:31  Glial Reconstitution  
  64  6:34  Roach  
  64  6:35  Roach x2  
  70  6:52  Hatchery  
  69  6:58  Overlord x5  
  69  7:18  Roach  
  69  7:19  Roach x6  
  83  7:27  Roach x3  
  89  7:37  Baneling x3  
  89  7:38  Baneling x2  
  89  7:40  Roach x2  
  93  7:49  Roach x2  
  97  7:52  Roach  
  99  8:00  Roach  
  94  8:37  Drone  
  94  8:38  Drone x11  
  94  8:39  Queen  
  108  8:58  Roach x3  
  108  9:01  Drone  
  108  9:02  Overlord x3  
  114  9:03  Overseer  
  114  9:14  Hydralisk Den  
  113  9:18  Extractor  
  112  9:28  Drone x3  
  115  9:39  Zergling x2  
  115  9:40  Zergling x12  
  115  9:42  Hatchery  
  115  9:44  Roach x2  
Show
View Real Time Build Order
Export as new Build Order

Dessa Zerg - Winner!

Build Orders: Pool First 

Get SALT Encoding   

  12  0:00  Drone  
  13  0:12  Overlord  
  13  0:18  Drone  
  14  0:30  Drone  
  14  0:31  Drone  
  14  0:34  Drone  
  17  0:36  Extractor  
  16  0:45  Drone  
  17  0:53  Spawning Pool  
  16  0:58  Drone  
  17  1:19  Hatchery  
  17  1:24  Drone  
  17  1:28  Drone  
  18  1:39  Metabolic Boost  
  18  1:47  Queen  
  18  1:52  Zergling x2  
  21  1:54  Zergling x2  
  22  2:05  Overlord  
  22  2:23  Drone  
  22  2:24  Baneling Nest, Drone  
  22  2:25  Queen  
  25  2:33  Drone  
  25  2:36  Drone  
  27  2:37  Drone  
  28  2:47  Queen  
  30  2:51  Drone  
  30  2:57  Overlord  
  31  3:01  Drone  
  32  3:08  Zergling x4  
  32  3:09  Baneling  
  32  3:10  Baneling  
  34  3:16  Zergling x4  
  34  3:17  Zergling x2  
  37  3:29  Zergling x4  
  37  3:30  Zergling x2  
  37  3:33  Drone x3  
  43  3:39  Baneling x2  
  43  3:43  Zergling x2  
  43  3:44  Overlord  
  42  4:02  Baneling x2  
  36  4:03  Zergling x4  
  36  4:04  Zergling x4  
  36  4:07  Drone x2  
  36  4:08  Overlord  
  42  4:21  Drone x2  
  42  4:22  Roach Warren  
  43  4:31  Drone  
  43  4:32  Drone  
  43  4:37  Drone x2, Hatchery  
  45  4:39  Drone  
  45  4:55  Drone x2  
  45  4:59  Extractor  
  47  5:00  Drone x4, Extractor  
  49  5:16  Drone x2  
  49  5:17  Drone  
  49  5:18  Drone x2  
  49  5:19  Roach  
  56  5:25  Overlord  
  56  5:35  Roach  
  58  5:37  Overlord  
  58  5:51  Drone x3  
  58  5:52  Drone, Roach  
  58  5:53  Drone, Roach  
  58  5:55  Drone  
  58  5:56  Lair  
  68  6:00  Queen  
  70  6:06  Drone x2, Evolution Chamber x2  
  70  6:08  Drone  
  70  6:10  Drone x3, Extractor  
  75  6:11  Roach x2  
  75  6:12  Roach  
  75  6:14  Ravager x3  
  75  6:16  Overlord  
  75  6:17  Pneumatized Carapace  
  82  6:31  Overlord  
  81  6:35  Zerg Ground Armor Level 1, Zerg Missile Weapons Level 1  
  81  6:37  Ravager  
  81  6:38  Ravager  
  83  6:42  Drone x4  
  83  6:44  Extractor  
  83  6:45  Drone x4, Extractor  
  89  7:00  Drone x3  
  96  7:01  Roach x2  
  96  7:07  Glial Reconstitution  
  96  7:13  Drone x3  
  96  7:14  Drone  
  96  7:15  Drone  
  98  7:16  Overlord  
  98  7:18  Overlord  
  98  7:19  Overlord  
  98  7:26  Hydralisk Den  
  98  7:27  Overlord  
  97  7:36  Roach x4  
  105  7:38  Roach x4  
  105  7:39  Roach  
  105  7:40  Overlord  
  115  7:50  Roach x2  
  115  7:51  Roach x3  
  125  7:56  Muscular Augments  
  125  7:57  Overlord  
  125  8:04  Roach x5  
  135  8:06  Overlord  
  121  8:31  Hydralisk x9  
  121  8:32  Hydralisk  
  140  8:41  Roach x2  
  140  8:42  Roach x3  
  150  8:54  Hatchery  
  149  8:57  Extractor  
  149  8:58  Extractor  
  147  9:17  Overlord x2  
  147  9:22  Hydralisk  
  147  9:23  Roach x2  
  153  9:35  Drone  
  153  9:36  Overlord x2  
Tags
 
Matchup
ZvZ
Race
Zerg
Replay Pack
2017S4
Spawn Locations
Cross Positions
Add a new tag
Caveats
  • Supply blocks, unpowered buildings, or Contaminate may cause inaccurate times.
  • Supply counts are checked every 10 seconds.